[ AOE2 MATCH · #468787732 ]
UnrankedMaya vs Vikings
Player's team · LOSS
Rival team · WIN
[ REPLAY ANALYSIS · EXTRACTED FROM THE RECORDED GAME ]
Feudal
10:20
Castle
19:21
Imperial
34:17
| APM avg | 24.5 |
| APM peak | 53 |
| eAPM avg | 13.4 |
| Villagers / military | 102 / 209 |
Focus
⚔️ 29.2% · 🌾 70.8%
Skirmisher ×110 · Eagle Scout ×59 · Archer ×32 · Trebuchet (Packed) ×7 · Monk ×1
Feudal
10:38
Castle
19:11
Imperial
37:39
| APM avg | 36.1 |
| APM peak | 75 |
| eAPM avg | 22.3 |
| Villagers / military | 164 / 234 |
Focus
⚔️ 36.3% · 🌾 63.7%
Skirmisher ×106 · Scorpion ×65 · Berserk ×45 · Trebuchet (Packed) ×17 · Monk ×1
Match map
Initial resources + every placement click. Lines = walls · curves = elevation contours. ◆ gold · ⬟ stone · ● berries · ✦ relic · ◌ wall gap
Your base· Open — unwalled flank
Donald Trump's base· Open — 4t gap
Smoothed initial terrain · ◌ = detected wall gap · hover for details
Inputs per minute
— Aphelink - - Donald Trump
Build order — Aphelink
First 150 of 332 actions detected
| 0:02 | Research | Loom |
| 0:02 | Create | Villager (Male) |
| 0:02 | Create | Villager (Male) |
| 0:02 | Create | Villager (Male) |
| 0:04 | Build | House |
| 0:06 | Build | House |
| 1:32 | Create | Villager (Male) |
| 1:32 | Create | Villager (Male) |
| 1:52 | Build | Lumber Camp |
| 2:08 | Create | Villager (Male) |
| 2:08 | Create | Villager (Male) |
| 2:16 | Create | Villager (Male) |
| 2:58 | Create | Villager (Male) |
| 2:58 | Create | Villager (Male) |
| 3:00 | Create | Villager (Male) |
| 3:00 | Create | Villager (Male) |
| 3:04 | Build | House |
| 3:51 | Create | Villager (Male) |
| 4:15 | Create | Villager (Male) |
| 4:15 | Create | Villager (Male) |
| 4:20 | Build | Mill |
| 4:44 | Create | Villager (Male) |
| 4:49 | Create | Villager (Male) |
| 5:36 | Create | Villager (Male) |
| 5:37 | Create | Villager (Male) |
| 5:57 | Create | Villager (Male) |
| 6:12 | Build | House |
| 6:16 | Create | Villager (Male) |
| 7:20 | Create | Villager (Male) |
| 7:43 | Create | Villager (Male) |
| 8:04 | Research | Feudal Age |
| 8:40 | Build | Barracks |
| 9:30 | Build | Mining Camp |
| 10:04 | Build | House |
| 10:09 | Create | Villager (Male) |
| 10:09 | Create | Villager (Male) |
| 10:20 | Age | Feudal Age |
| 10:24 | Build | Archery Range |
| 10:30 | Research | Double-Bit Axe |
| 10:32 | Create | Villager (Male) |
| 11:14 | Create | Villager (Male) |
| 11:15 | Create | Villager (Male) |
| 11:18 | Create | Archer |
| 11:18 | Create | Archer |
| 11:19 | Create | Archer |
| 11:37 | Create | Villager (Male) |
| 11:44 | Build | Blacksmith |
| 12:03 | Create | Archer |
| 12:15 | Build | House |
| 12:18 | Build | House |
| 12:19 | Build | House |
| 12:45 | Create | Villager (Male) |
| 12:45 | Create | Villager (Male) |
| 12:54 | Create | Archer |
| 12:59 | Research | Fletching |
| 13:08 | Build | Farm |
| 13:08 | Build | Farm |
| 13:08 | Build | Farm |
| 13:08 | Build | Farm |
| 13:08 | Build | Farm |
| 13:09 | Build | Farm |
| 13:33 | Build | Farm |
| 13:35 | Create | Villager (Male) |
| 13:59 | Create | Villager (Male) |
| 14:08 | Build | Farm |
| 14:08 | Build | Farm |
| 14:59 | Create | Villager (Male) |
| 15:00 | Create | Villager (Male) |
| 15:02 | Build | Farm |
| 15:05 | Build | Farm |
| 15:30 | Build | Farm |
| 15:35 | Create | Villager (Male) |
| 15:56 | Build | Farm |
| 16:00 | Build | Farm |
| 16:01 | Build | Farm |
| 16:06 | Create | Villager (Male) |
| 16:18 | Build | Farm |
| 16:41 | Research | Castle Age |
| 16:45 | Build | Farm |
| 17:39 | Create | Skirmisher |
| 17:39 | Create | Skirmisher |
| 17:40 | Create | Skirmisher |
| 17:40 | Create | Skirmisher |
| 17:45 | Research | Padded Archer Armor |
| 17:59 | Build | Archery Range |
| 18:08 | Research | Horse Collar |
| 18:27 | Build | House |
| 18:35 | Build | House |
| 18:36 | Build | House |
| 18:37 | Build | House |
| 18:39 | Build | House |
| 18:41 | Build | House |
| 18:45 | Build | House |
| 18:47 | Build | House |
| 18:48 | Build | House |
| 18:50 | Build | House |
| 18:57 | Create | Skirmisher |
| 18:58 | Create | Skirmisher |
| 18:59 | Create | Archer |
| 18:59 | Create | Archer |
| 19:00 | Create | Skirmisher |
| 19:01 | Create | Archer |
| 19:21 | Age | Castle Age |
| 19:26 | Create | Villager (Male) |
| 19:26 | Create | Villager (Male) |
| 19:27 | Create | Villager (Male) |
| 19:27 | Create | Villager (Male) |
| 19:43 | Build | Town Center |
| 20:00 | Build | Town Center |
| 20:05 | Create | Villager (Male) |
| 20:12 | Research | Crossbowman (upgrade) |
| 20:14 | Research | Bow Saw |
| 20:33 | Build | Farm |
| 20:35 | Create | Villager (Male) |
| 20:35 | Create | Villager (Male) |
| 20:52 | Create | Villager (Male) |
| 20:52 | Create | Villager (Male) |
| 21:09 | Build | Farm |
| 21:19 | Build | Farm |
| 21:21 | Create | Villager (Male) |
| 21:23 | Create | Villager (Male) |
| 21:23 | Create | Villager (Male) |
| 21:27 | Build | Farm |
| 21:29 | Build | Farm |
| 21:43 | Create | Villager (Male) |
| 21:44 | Create | Villager (Male) |
| 21:59 | Research | Heavy Plow |
| 22:03 | Create | Archer ×5 |
| 22:19 | Research | Bodkin Arrow |
| 22:26 | Build | University |
| 22:34 | Create | Villager (Male) |
| 22:35 | Create | Villager (Male) |
| 22:36 | Create | Villager (Male) |
| 22:49 | Build | Mining Camp |
| 23:11 | Build | House |
| 23:14 | Build | House |
| 23:16 | Build | House |
| 23:18 | Build | House |
| 23:19 | Build | House |
| 23:21 | Build | House |
| 23:25 | Build | House |
| 23:28 | Build | House |
| 23:32 | Create | Villager (Male) |
| 23:33 | Create | Villager (Male) |
| 23:37 | Research | Thumb Ring |
| 23:52 | Create | Archer |
| 23:53 | Create | Archer |
| 23:53 | Create | Archer |
| 23:53 | Create | Archer |
| 23:55 | Create | Archer |
Build order — Donald Trump
First 150 of 599 actions detected
| 0:00 | Create | Villager (Male) |
| 0:01 | Create | Villager (Male) |
| 0:01 | Create | Villager (Male) |
| 0:01 | Create | Villager (Male) |
| 0:04 | Build | House |
| 0:05 | Build | House |
| 1:38 | Create | Villager (Male) |
| 1:38 | Create | Villager (Male) |
| 2:13 | Create | Villager (Male) |
| 2:13 | Create | Villager (Male) |
| 2:33 | Create | Villager (Male) |
| 2:47 | Build | House |
| 2:48 | Build | House |
| 2:56 | Build | Lumber Camp |
| 2:59 | Create | Villager (Male) |
| 3:00 | Create | Villager (Male) |
| 3:50 | Create | Villager (Male) |
| 3:50 | Create | Villager (Male) |
| 4:09 | Create | Villager (Male) |
| 4:41 | Create | Villager (Male) |
| 4:41 | Create | Villager (Male) |
| 5:10 | Create | Villager (Male) |
| 5:39 | Create | Villager (Male) |
| 5:40 | Create | Villager (Male) |
| 5:40 | Create | Villager (Male) |
| 6:08 | Create | Villager (Male) |
| 6:08 | Create | Villager (Male) |
| 7:09 | Build | Mill |
| 7:14 | Create | Villager (Male) |
| 8:07 | Research | Feudal Age |
| 8:37 | Build | Mining Camp |
| 8:40 | Research | Loom |
| 8:45 | Build | Farm |
| 8:53 | Build | Farm |
| 9:45 | Build | Barracks |
| 10:11 | Build | Farm |
| 10:11 | Build | Farm |
| 10:11 | Build | Farm |
| 10:38 | Age | Feudal Age |
| 10:43 | Create | Villager (Male) |
| 10:43 | Create | Villager (Male) |
| 10:51 | Build | Market |
| 11:32 | Build | House |
| 11:47 | Create | Villager (Male) |
| 12:07 | Build | Archery Range |
| 12:34 | Create | Villager (Male) |
| 12:34 | Create | Villager (Male) |
| 13:08 | Build | Blacksmith |
| 13:15 | Create | Skirmisher |
| 13:15 | Create | Skirmisher |
| 13:20 | Create | Villager (Male) |
| 13:29 | Build | House |
| 13:30 | Build | House |
| 13:34 | Build | House |
| 13:36 | Build | House |
| 13:54 | Create | Skirmisher |
| 13:54 | Create | Skirmisher |
| 13:58 | Research | Fletching |
| 14:16 | Build | Farm |
| 14:58 | Create | Skirmisher |
| 14:58 | Create | Skirmisher |
| 14:59 | Create | Villager (Male) |
| 14:59 | Create | Villager (Male) |
| 15:18 | Build | Farm |
| 15:18 | Build | Farm |
| 15:19 | Build | Farm |
| 15:19 | Build | Farm |
| 15:23 | Create | Skirmisher |
| 15:46 | Create | Villager (Male) |
| 15:54 | Build | Farm |
| 16:32 | Research | Castle Age |
| 16:38 | Research | Scale Mail Armor |
| 16:40 | Research | Padded Archer Armor |
| 17:04 | Build | House |
| 17:05 | Build | House |
| 17:07 | Build | House |
| 17:09 | Build | House |
| 17:10 | Build | House |
| 17:15 | Create | Skirmisher |
| 17:15 | Create | Skirmisher |
| 18:17 | Build | Farm |
| 18:20 | Research | Horse Collar |
| 18:26 | Research | Gold Mining |
| 18:29 | Create | Skirmisher |
| 18:30 | Create | Skirmisher |
| 18:42 | Create | Skirmisher |
| 19:11 | Age | Castle Age |
| 19:13 | Create | Villager (Male) |
| 19:19 | Build | Town Center |
| 20:02 | Research | Elite Skirmisher (upgrade) |
| 20:14 | Create | Villager (Male) |
| 20:26 | Research | Double-Bit Axe |
| 20:27 | Create | Villager (Male) |
| 20:28 | Create | Villager (Male) |
| 20:28 | Create | Villager (Male) |
| 20:38 | Create | Skirmisher |
| 20:39 | Create | Skirmisher |
| 20:42 | Research | Bodkin Arrow |
| 20:51 | Create | Villager (Male) |
| 21:11 | Create | Skirmisher |
| 21:15 | Create | Villager (Male) |
| 21:15 | Create | Villager (Male) |
| 21:27 | Research | Bow Saw |
| 21:29 | Research | Heavy Plow |
| 21:33 | Create | Skirmisher |
| 21:58 | Create | Villager (Male) |
| 21:58 | Create | Villager (Male) |
| 22:18 | Build | Town Center |
| 22:22 | Create | Villager (Male) |
| 22:23 | Create | Villager (Male) |
| 22:26 | Build | Farm |
| 22:26 | Build | Farm |
| 22:29 | Build | Farm |
| 22:30 | Build | Farm |
| 22:38 | Create | Skirmisher |
| 22:38 | Create | Skirmisher |
| 22:49 | Build | Farm |
| 22:53 | Build | Farm |
| 22:58 | Build | Farm |
| 23:12 | Create | Villager (Male) |
| 23:12 | Create | Villager (Male) |
| 23:18 | Create | Skirmisher |
| 23:18 | Create | Skirmisher |
| 23:28 | Create | Villager (Male) |
| 23:28 | Create | Villager (Male) |
| 23:43 | Build | Lumber Camp |
| 23:46 | Create | Villager (Male) |
| 23:46 | Create | Villager (Male) |
| 23:47 | Create | Villager (Male) |
| 23:47 | Create | Villager (Male) |
| 24:03 | Build | Farm |
| 24:03 | Build | Farm |
| 24:06 | Create | Villager (Male) |
| 24:06 | Create | Villager (Male) |
| 24:06 | Create | Villager (Male) |
| 24:07 | Create | Villager (Male) |
| 24:12 | Build | Farm |
| 24:17 | Research | Town Watch |
| 24:19 | Create | Skirmisher |
| 24:19 | Create | Skirmisher |
| 24:29 | Create | Villager (Male) |
| 24:39 | Create | Villager (Male) |
| 24:40 | Create | Villager (Male) |
| 24:46 | Create | Villager (Male) |
| 24:53 | Build | Farm |
| 24:58 | Build | Farm |
| 25:04 | Build | Farm |
| 25:10 | Create | Villager (Male) |
| 25:10 | Create | Villager (Male) |
| 25:13 | Build | Farm |
Match timeline
| 8:40 | Aphelink · first_building Barracks |
| 9:45 | Donald Trump · first_building Barracks |
| 10:20 | Aphelink · age_up feudal |
| 10:24 | Aphelink · first_building Archery Range |
| 10:38 | Donald Trump · age_up feudal |
| 12:07 | Donald Trump · first_building Archery Range |
| 19:11 | Donald Trump · age_up castle |
| 19:21 | Aphelink · age_up castle |
| 26:19 | Donald Trump · first_building Monastery |
| 27:04 | Donald Trump · first_building Siege Workshop |
| 29:24 | Aphelink · first_building Castle |
| 32:57 | Donald Trump · first_building Castle |
| 33:24 | Aphelink · first_building Monastery |
| 34:17 | Aphelink · age_up imperial |
| 37:39 | Donald Trump · age_up imperial |
| 38:10 | Aphelink · first_market_sell 500 wood |
| 47:07 | Donald Trump · first_market_sell 100 food |
| 48:53 | Aphelink · resign |
[ AI ANALYSIS · 1 CREDIT ]
What really happened in this match?
Wolo.gg analyzes every decision: build order, eco, micro, common mistakes by bracket. Personalized analysis on WhatsApp or Discord in 30 seconds.
Civ guide
Maya
Perfil
Jugador #4272913